AoeStats
← memcosh

Arena

505468370Analyzed
2v2 RM · 24d ago on Sep 9, 2026· 36m 48s· 4 players
Game mode
Random Map
Map size
Medium (4 player)
Population
200
Speed
Normal
Resources
Standard
Victory
Conquest
Starting age
Dark Age
Ending age
Imperial Age
RankedLock teamsTeams togetherTeam positionsShared explorationLock speedFull tech treeHidden civsTurbo modeCheats
Victory
Defeat
🇩🇪 Wu · Germany
800
+15
🇪🇸 Mongols · Spain
761
+17
🇺🇸 Persians · United States
780
-27
🇵🇪 Shu · Peru
773
-16
Flint
11:59 Feudal Age
17:25 Castle Age
15:18 Double-Bit Axe
15:15 Horse Collar
16:27 Stone Mining
16:33 Gold Mining
24:16 Heavy Plow
24:29 Bow Saw
25:36 Wheelbarrow
25:59 Fletching
26:37 Hand Cart
27:59 Ballistics
29:24 Bodkin Arrow
30:35 Thumb Ring
30:52 Elite Skirmisher
33:32 Bloodlines
33:23 Husbandry
33:54 Forging
33:45 Scale Mail Armor
33:45 Padded Archer Armor
33:51 Scale Barding Armor
35:53 Masonry
maioo
2:42 Loom
12:21 Feudal Age
13:23 Horse Collar
13:33 Double-Bit Axe
22:39 Castle Age
20:59 Forging
20:50 Scale Mail Armor
23:24 Squires
23:10 Arson
24:06 Iron Casting
23:46 Chain Mail Armor
27:41 Pikeman
30:50 Wheelbarrow
30:00 Town Watch
33:51 Fletching
memcosh
0:30 Loom
11:10 Feudal Age
12:38 Wheelbarrow
17:14 Castle Age
15:21 Double-Bit Axe
16:30 Stone Mining
17:10 Gold Mining
18:01 Bow Saw
20:20 Hand Cart
20:42 Horse Collar
21:39 Gambesons
21:15 Man-at-Arms
24:13 Long Swordsman
30:15 Kamandaran
34:07 Imperial Age
31:23 Town Watch
31:43 Padded Archer Armor
33:21 Ballistics
33:47 Thumb Ring
33:02 Crossbowman
34:51 Conscription
hikary1404
1:06 Loom
Connection lost

Rejoining the realm…

Still unreachable

The connection could not be restored.

Session expired

The server has moved on; the page needs a fresh start.